 Dungeon Crawl Stone Soup version 0.31-a0-986-g5e6e4ef867 (webtiles) character file.

Game seed: 195290782316479437

191 Dittersdorf the Trooper (level 5, -6/34 HPs)
             Began as a Gargoyle Fighter on Nov 6, 2023.
             Killed from afar by an orc wizard (8 damage)
             ... with a puff of flame
             ... on level 4 of the Dungeon.
             The game lasted 00:02:20 (2300 turns).

Dittersdorf the Trooper (Gargoyle Fighter)          Turns: 2300, Time: 00:02:20

Health: -6/34      AC: 11    Str: 21    XL:     5   Next: 70%
Magic:  5/5        EV:  9    Int: 15    God:
Gold:   110        SH:  0    Dex:  9    Spells: 4/4 levels left

rFire   . . .        a - +0 flail
rCold   . . .        c - +0 buckler
rNeg    + . .        b - +0 scale mail
rPois   ∞            (no helmet)
rElec   +            (no cloak)
rCorr   +            (no gloves)
SInv    .            (no boots)
Will    .....        (no amulet) Stlth
                     h - +6 ring of intelligence
HPRegen 0.25/turn    r - ring of resist corrosion
MPRegen 0.09/turn

%: no passive effects
@: confused
A: sickness immunity, AC +4, negative energy resistance 1, electricity
resistance, torment resistance 1, petrification resistance
a: no special abilities


You were on level 4 of the Dungeon.
You visited 1 branch of the dungeon, and saw 4 of its levels.

You collected 110 gold pieces.

Inventory:

Hand Weapons
 a - a +0 flail (weapon)
Missiles
 q - 9 poisoned darts (quivered)
Armour
 b - a +0 scale mail (worn)
 c - a +0 buckler (worn)
 p - a +0 plate armour
Jewellery
 h - a +6 ring of intelligence (left hand)
 r - a ring of resist corrosion (right hand)
Wands
 t - a wand of roots (7)
Scrolls
 m - a scroll of butterflies {unknown}
 s - a scroll of enchant armour {unknown}
 u - a scroll of identify {unknown}
 v - a scroll of revelation {unknown}
Potions
 d - 2 potions of might
 e - 3 potions of haste {unknown}
 f - a potion of lignification {unknown}
 g - 2 potions of heal wounds {unknown}
 j - 2 potions of invisibility {unknown}
 k - a potion of cancellation {unknown}
 l - a potion of degeneration {unknown}
 n - 3 potions of curing {unknown}
 o - a potion of attraction {unknown}
 w - a potion of mutation {unknown}


   Skills:
 + Level 4.4 Fighting
 + Level 3.2 Maces & Flails
 + Level 4.4 Armour
 + Level 4.4 Shields


You had 4 spell levels left.
You didn't know any spells.
Your spell library contained the following spells:

 Spells                   Type           Power      Damage    Failure   Level
 Call Canine Familiar     Summ           0%         N/A       95%         3
 Sigil of Binding         Hex            0%         N/A       95%         3
 Dimensional Bullseye     Hex/Tloc       0%         N/A       100%        4
 Leda's Liquefaction      Hex/Erth       0%         N/A       100%        4


Dungeon Overview and Level Annotations

Branches:
Dungeon (4/15)
 Temple: D:4-7

Altars:
Cheibriados
Elyvilon
Fedhas
Hepliaklqana
Ru


Innate Abilities, Weirdness & Mutations

You are immune to sickness and miasma.
Your stone body is resilient. (AC +4)
You are immune to poison.
You resist negative energy. (rN+)
You are resistant to electric shocks. (rElec)
You are resistant to unholy torment.
You are immune to petrification.


Message History

The orc wizard mumbles some strange words.
The orc wizard flickers and vanishes!
Deactivating autopickup; reactivate with Ctrl-A.
The gnoll hits you from afar with a +0 spear.
You hit the orc.
You kill the orc!
The gnoll hits you but does no damage. The gnoll hits you with a +0 spear.
Items here: )))) [ ††††.
The gnoll hits you but does no damage. Something hits you but does no damage.
You hit something. The gnoll hits you but does no damage. Something hits you.
You closely miss something.
The gnoll hits you from afar with a +0 spear.
* * * LOW HITPOINT WARNING * * *
Something hits you but does no damage. You block the gnoll's attack.
Something hits you.
* * * LOW HITPOINT WARNING * * *
You completely miss something. The gnoll barely misses you.
Something hits you but does no damage.
You barely miss something. You block the gnoll's attack.
You hear some strange, mumbled words.
You are confused.
You're too confused to move!
The gnoll hits you but does no damage. Something hits you but does no damage.
You barely miss something.
The gnoll hits you from afar with a +0 spear!
* * * LOW HITPOINT WARNING * * *
Something hits you but does no damage. x2
The gnoll hits you from afar with a +0 spear.
* * * LOW HITPOINT WARNING * * *
You miss something. The gnoll hits you but does no damage.
You hear some strange, mumbled words.
A magic dart appears from out of thin air!
The magic dart hits you but does no damage.
You bump into the rock wall.
The gnoll barely misses you.
You hear some strange, mumbled words.
A puff of flame appears from out of thin air!
The puff of flame hits you!
You die...

#.....#
#.._..#
#._8_.#
#.._..#
#.....#
###o..#
#g###
#{####
#@...#
####.#
#


You could see a gnoll and an orc.

Vanquished Creatures
  Jessica (D:3)
  Terence (D:3)
  3 gnolls (D:4)
  4 adders
  A worm (D:2)
  4 dart slugs
  An orc (D:4)
  6 endoplasms
  5 giant cockroaches
  4 goblins
  4 hobgoblins
  9 kobolds
  5 quokkas
  7 ball pythons
  6 bats
  2 frilled lizards (D:3)
  4 rats
67 creatures vanquished.

Notes
Turn   | Place    | Note
-------+----------+-------------------------------------------
     0 | D:1      | Dittersdorf the Gargoyle Fighter began the quest for the
                  | Orb.
     0 | D:1      | Reached XP level 1. HP: 14/14 MP: 1/1
   131 | D:1      | Reached XP level 2. HP: 18/19 MP: 2/2
   819 | D:2      | Found a white marble altar of Elyvilon.
   937 | D:2      | Reached XP level 3. HP: 17/23 MP: 3/3
  1187 | D:2      | Reached XP level 4. HP: 17/29 MP: 4/4
  1825 | D:3      | Noticed Terence
  1841 | D:3      | Killed Terence
  1959 | D:3      | Noticed Jessica
  1966 | D:3      | Killed Jessica
  1967 | D:3      | Reached XP level 5. HP: 30/33 MP: 5/5
  2266 | D:4      | Found a snail-covered altar of Cheibriados.
  2266 | D:4      | Found a blossoming altar of Fedhas.
  2266 | D:4      | Found a hazy altar of Hepliaklqana.
  2266 | D:4      | Found a sacrificial altar of Ru.
  2298 | D:4      | HP: 1/34 [gnoll/+0 spear (2)]
  2300 | D:4      | Killed from afar by an orc wizard

Illustrated notes

Levels and vault maps discovered:
D:1:      roderic_crop_circles_arrival_small, layout_basic
D:2:      layout_basic, basic_altar, minmay_three_crescents
D:3:      layout_rooms, uniq_jessica, uniq_terence
D:4:      layout_loops_cross, mainiacjoe_overflow_24_doors,
          amcnicky_altar_gilded, chequers_temple_overflow_statue_of_worship

Skill      XL: |  1  2  3  4 |
---------------+-------------+-----
Fighting       | 4 |  4.4
Shields        | 4 |  4.4
Armour         | 4 |  4.4
Maces & Flails | 3 |  3.2

Action                     |  1- 3 |  4- 6 || total
---------------------------+-------+-------++-------
  Melee: Flail             |   108 |   101 ||   209
    Use: Scroll            |       |     1 ||     1
 Armour: Scale mail        |    87 |    80 ||   167
  Dodge: Dodged            |    49 |    52 ||   101
  Block: Buckler           |    36 |    29 ||    65

Table legend: (Time is in decaauts)
 A = Elapsed time spent in this place.
 B = Non-inter-level travel time spent in this place.
 C = Inter-level travel time spent in this place.
 D = Time resting spent in this place.
 E = Time spent auto-exploring this place.
 F = Levels seen in this place.
 G = Mean time per level.
                   A        B        C        D        E       F      G
               +--------+--------+--------+--------+--------+-----+--------+
         Total |   2361 |   2255 |    106 |     24 |   1767 |   4 |  590.2 |
       Dungeon |   2361 |   2255 |    106 |     24 |   1767 |   4 |  590.2 |
               +--------+--------+--------+--------+--------+-----+--------+

Top non-repeatable levels by time:
     D:2: 976 daAuts
     D:1: 782 daAuts
     D:3: 545 daAuts
     D:4: 56 daAuts
